FLORIDA vs MONTREAL

Created - Sunday, October 29, 2017 at 16:21

Goals
1 2 3 T
FLORIDA 1 0 1 2
MONTREAL 0 0 0 0
Shots
1 2 3 T
FLORIDA 7 12 5 24
MONTREAL 7 7 12 26

1st period

1. FLORIDA , Duncan Keith 2 (Nicklas Backstrom, Johnathan Gaudreau) at 5:48 (PP)

Penalties :
Duncan Keith (FLA) for High sticking (Minor) at 2:50, Tyler Myers (MON) for Delaying the game (Minor) at 5:16, Tyler Myers (MON) for Holding (Minor) at 10:09, Trevor van Riemsdyk (FLA) for Roughing (Minor) at 14:41, Kris Versteeg (FLA) for Roughing (Double Minor) at 19:48

2nd period

No Goal

Penalties :
Nathan MacKinnon (MON) for Roughing (Minor) at 5:37, Tyler Myers (MON) for Tripping (Minor) at 9:09, Patrik Laine (FLA) for Hooking (Minor) at 9:09, Tyler Myers (MON) for Hooking (Minor) at 14:58

3rd period

2. FLORIDA , Patrik Laine 2 (Kris Letang, Blake Wheeler) at 3:39

Penalties :
Kris Letang (FLA) for Hooking (Minor) at 0:25, Kris Letang (FLA) for Diving (Minor) at 4:08, Adam Henrique (FLA) for Roughing (Minor) at 8:13, Max Pacioretty (MON) for Hooking (Minor) at 14:45

Goalie Stats

Craig Anderson (FLA), 26 saves from 26 shots - (1.000), W, 4-2-1, 60:00 minutes
Robin Lehner (MON), 22 saves from 24 shots - (0.917), L, 3-4-0, 60:00 minutes

Players Stats for FLORIDA

Player Name              G  A  P  +/- PIM S  H  SB GA TA FO     MP     PP MP  PK MP  
------------------------------------------------------------------------------------
Adam Henrique            0  0  0   0  2   6  0  0  0  0  2/6    17:08   3:50   5:51 
Alec Martinez            0  0  0   1  0   0  3  1  0  0  0/0    19:23   0:00   6:19 
Blake Wheeler            0  1  1   1  0   2  1  0  0  0  1/4    22:02   5:05   7:08 
Brandon Pirri            0  0  0   0  0   1  0  0  0  0  1/1    10:13   0:00   0:00 
Brett Pesce              0  0  0   0  0   0  1  1  0  0  0/0    18:33   0:00   7:26 
Cedric Paquette          0  0  0   0  0   0  1  0  0  0  0/1    10:13   0:00   0:00 
Derek Stepan             0  0  0   0  0   1  0  0  0  0  1/1    12:13   3:50   0:55 
Duncan Keith             1  0  1   0  2   1  2  0  0  0  0/0    24:04   5:05   6:33 
Johnathan Gaudreau       0  1  1   0  0   3  0  0  0  0  0/2    12:47   4:38   0:00 
Kris Letang              0  1  1   1  4   2  2  2  0  0  0/0    22:19   3:23   4:34 
Kris Versteeg            0  0  0   0  4   0  1  0  0  0  0/0     9:26   0:00   0:00 
Linden Vey               0  0  0   0  0   1  0  0  0  0  5/6    10:13   0:00   0:00 
Marian Hossa             0  0  0   0  0   1  1  0  0  0  0/2    11:32   3:23   0:00 
Martin Marincin          0  0  0   0  0   1  0  3  0  0  0/0    14:25   0:00   2:18 
Nicklas Backstrom        0  1  1   0  0   2  1  0  0  0  10/25  21:32   4:38   6:46 
Patrik Laine             1  0  1   1  2   2  1  0  0  0  0/1    14:26   4:38   0:00 
Paul Stastny             0  0  0   1  0   1  1  0  0  0  13/25  20:47   3:50   7:08 
Trevor van Riemsdyk      0  0  0   0  2   0  1  0  0  0  0/0    12:44   0:00   0:38 

Players Stats for MONTREAL

Player Name              G  A  P  +/- PIM S  H  SB GA TA FO     MP     PP MP  PK MP  
------------------------------------------------------------------------------------
Brian Dumoulin           0  0  0   0  0   2  3  1  0  0  0/0    25:53   6:16   3:46 
Brian Gionta             0  0  0   0  0   0  0  0  0  0  0/3    11:34   0:00   3:29 
Devin Shore              0  0  0  -1  0   1  0  0  0  0  2/4     7:35   0:56   0:28 
Gabriel Dumont           0  0  0  -1  0   0  0  0  0  0  0/0     6:38   0:27   0:00 
Jason Demers             0  0  0   0  0   1  3  0  0  0  0/0    21:49   6:42   4:02 
Jason Pominville         0  0  0   0  0   1  0  0  0  0  0/2    17:15   5:48   0:00 
Marc Staal               0  0  0  -1  0   3  2  0  0  0  0/0    22:36   7:11   4:36 
Max Pacioretty           0  0  0   0  2   2  2  0  0  0  9/12   23:01   5:48   4:32 
Micheal Ferland          0  0  0  -1  0   0  3  0  0  0  0/0     7:33   0:27   0:55 
Nathan Beaulieu          0  0  0   0  0   0  0  0  0  0  0/0    12:55   0:56   0:00 
Nathan MacKinnon         0  0  0   0  2   2  1  0  0  0  13/23  23:08   6:15   4:12 
Phillip Danault          0  0  0   0  0   1  0  1  0  0  7/8     9:01   0:56   0:00 
Rickard Rakell           0  0  0   0  0   1  1  0  0  0  0/2    16:39   6:43   0:00 
Sven Andrighetto         0  0  0   0  0   2  0  0  0  0  1/4    15:44   7:39   0:00 
Tobias Enstrom           0  0  0  -1  0   0  1  3  0  0  0/0    13:35   0:27   2:47 
Tyler Johnson            0  0  0   0  0   2  0  0  0  0  4/9    12:20   0:00   1:40 
Tyler Myers              0  0  0   0  8   4  4  1  0  0  0/0    23:08   6:16   1:45 
Vincent Trocheck         0  0  0   0  0   4  1  0  0  0  5/7    19:03   6:43   1:40 

3 Stars

1 - Craig Anderson (FLA)
2 - Patrik Laine (FLA)
3 - Blake Wheeler (FLA)

Power Play

FLORIDA - 1 on 5 Attempt(s) - 20.00%
MONTREAL - 0 on 7 Attempt(s) - 0.00%

Penalty Kill

FLORIDA - 7 on 7 Attempt(s) - 100.00% - Score 0 goal in Penalty Kill
MONTREAL - 4 on 5 Attempt(s) - 80.00% - Score 0 goal in Penalty Kill

Team Stat

FLORIDA - Hits : 16 - Faceoff Wins : 33 - Blocked Shots : 7 - Penalty Minutes : 16
MONTREAL - Hits : 21 - Faceoff Wins : 41 - Blocked Shots : 6 - Penalty Minutes : 12

Official

Referees : Unknown
Linesman : Unknown

Game Notes

No Game Note

Finance

Level 1 -- Attendance: 4284 (71.40%) -- Ticket Income $428,400
Level 2 -- Attendance: 3521 (70.42%) -- Ticket Income $211,260
Level 3 -- Attendance: 1908 (95.40%) -- Ticket Income $66,780
Level 4 -- Attendance: 3572 (89.30%) -- Ticket Income $71,440
Luxury Box -- Attendance: 685 (68.50%) -- Ticket Income $137,000
Game was played at the Bell Centre.
Total Attendance: 13970 (77.61%)
Total Ticket Income: $914,880
Total Income: $914,880

FLORIDA

5 vs 5 Forward 
   Center                   Left Wing                Right Wing               Time % Phy DF OF 
 1 Nicklas Backstrom        Johnathan Gaudreau       Marian Hossa             32     0   2  3  
 2 Paul Stastny             Patrik Laine             Blake Wheeler            32     0   2  3  
 3 Adam Henrique            Kris Versteeg            Derek Stepan             28     0   2  3  
 4 Linden Vey               Brandon Pirri            Cedric Paquette          8      1   3  1  

5 vs 5 Defense 
   Defense                  Defense                                           Time % Phy DF OF 
 1 Duncan Keith             Brett Pesce                                       40     0   2  3  
 2 Alec Martinez            Kris Letang                                       40     0   2  3  
 3 Martin Marincin          Trevor van Riemsdyk                               15     0   3  2  
 4 Duncan Keith             Kris Letang                                       5      0   2  3  

PowerPlay Forward 
   Center                   Left Wing                Right Wing               Time % Phy DF OF 
 1 Nicklas Backstrom        Johnathan Gaudreau       Patrik Laine             60     0   1  4  
 2 Paul Stastny             Adam Henrique            Derek Stepan             40     0   1  4  

PowerPlay Defense
   Defense                  Defense                                           Time % Phy DF OF 
 1 Duncan Keith             Blake Wheeler                                     55     0   1  4  
 2 Marian Hossa             Kris Letang                                       45     0   1  4  

Penalty Kill 4 Players Forward 
   Center                   Wing                     Time % Phy DF OF 
 1 Paul Stastny             Blake Wheeler            50     0   4  1  
 2 Nicklas Backstrom        Adam Henrique            50     0   4  1  

Penalty Kill 4 Players Defense
   Defense                  Defense                  Time % Phy DF OF 
 1 Duncan Keith             Brett Pesce              50     0   4  1  
 2 Alec Martinez            Kris Letang              50     0   4  1  

Penalty Kill - 3 Players Forward 
   Forward                                           Time % Phy DF OF 
 1 Paul Stastny                                      50     0   4  1  
 2 Adam Henrique                                     50     0   4  1  

Penalty Kill - 3 Players Defense
   Defense                  Defense                  Time % Phy DF OF 
 1 Duncan Keith             Brett Pesce              55     0   4  1  
 2 Alec Martinez            Kris Letang              45     0   4  1  

4 vs 4 Forward 
   Center                   Wing                     Time % Phy DF OF 
 1 Nicklas Backstrom        Patrik Laine             55     0   2  3  
 2 Paul Stastny             Blake Wheeler            45     0   2  3  

4 vs 4 Defense
   Defense                  Defense                  Time % Phy DF OF 
 1 Duncan Keith             Brett Pesce              55     0   3  2  
 2 Kris Letang              Alec Martinez            45     0   3  2  

Last Minutes Offensive
   Center                   Left Wing                Right Wing               Defense                  Defense                  
   Nicklas Backstrom        Patrik Laine             Blake Wheeler            Duncan Keith             Kris Letang              

Last Minutes Defensive
   Center                   Left Wing                Right Wing               Defense                  Defense                  
   Paul Stastny             Adam Henrique            Blake Wheeler            Duncan Keith             Kris Letang              

Goaltenders
Starting : Craig Anderson           
Backup : James Reimer             

Extra Forwards
Normal : Kris Versteeg, Brandon Pirri, Linden Vey - PP : Kris Versteeg, Brandon Pirri - PK : Derek Stepan
Extra Defensemen
Normal : Martin Marincin, Trevor van Riemsdyk, Alec Martinez - PP : Alec Martinez - PK : Martin Marincin, Trevor van Riemsdyk
Penalty Shots
Patrik Laine, Kris Letang, Johnathan Gaudreau, Blake Wheeler, Nicklas Backstrom

MONTREAL

5 vs 5 Forward 
   Center                   Left Wing                Right Wing               Time % Phy DF OF 
 1 Nathan MacKinnon         Max Pacioretty           Jason Pominville         35     1   2  2  
 2 Tyler Johnson            Vincent Trocheck         Rickard Rakell           30     1   2  2  
 3 Phillip Danault          Brian Gionta             Sven Andrighetto         25     1   2  2  
 4 Devin Shore              Micheal Ferland          Gabriel Dumont           10     1   2  2  

5 vs 5 Defense 
   Defense                  Defense                                           Time % Phy DF OF 
 1 Tyler Myers              Brian Dumoulin                                    35     1   2  2  
 2 Jason Demers             Nathan Beaulieu                                   30     1   2  2  
 3 Marc Staal               Tobias Enstrom                                    25     1   2  2  
 4 Tyler Myers              Brian Dumoulin                                    10     1   2  2  

PowerPlay Forward 
   Center                   Left Wing                Right Wing               Time % Phy DF OF 
 1 Nathan MacKinnon         Max Pacioretty           Jason Pominville         60     1   2  2  
 2 Vincent Trocheck         Rickard Rakell           Sven Andrighetto         40     1   2  2  

PowerPlay Defense
   Defense                  Defense                                           Time % Phy DF OF 
 1 Tyler Myers              Brian Dumoulin                                    60     1   2  2  
 2 Jason Demers             Marc Staal                                        40     1   2  2  

Penalty Kill 4 Players Forward 
   Center                   Wing                     Time % Phy DF OF 
 1 Max Pacioretty           Nathan MacKinnon         60     1   2  2  
 2 Vincent Trocheck         Tyler Johnson            40     1   2  2  

Penalty Kill 4 Players Defense
   Defense                  Defense                  Time % Phy DF OF 
 1 Tyler Myers              Brian Dumoulin           60     1   2  2  
 2 Jason Demers             Marc Staal               40     1   2  2  

Penalty Kill - 3 Players Forward 
   Forward                                           Time % Phy DF OF 
 1 Max Pacioretty                                    60     1   2  2  
 2 Nathan MacKinnon                                  40     1   2  2  

Penalty Kill - 3 Players Defense
   Defense                  Defense                  Time % Phy DF OF 
 1 Tyler Myers              Brian Dumoulin           60     1   2  2  
 2 Jason Demers             Marc Staal               40     1   2  2  

4 vs 4 Forward 
   Center                   Wing                     Time % Phy DF OF 
 1 Max Pacioretty           Nathan MacKinnon         60     1   2  2  
 2 Vincent Trocheck         Tyler Johnson            40     1   2  2  

4 vs 4 Defense
   Defense                  Defense                  Time % Phy DF OF 
 1 Tyler Myers              Brian Dumoulin           60     1   2  2  
 2 Jason Demers             Marc Staal               40     1   2  2  

Last Minutes Offensive
   Center                   Left Wing                Right Wing               Defense                  Defense                  
   Nathan MacKinnon         Max Pacioretty           Jason Pominville         Tyler Myers              Brian Dumoulin           

Last Minutes Defensive
   Center                   Left Wing                Right Wing               Defense                  Defense                  
   Nathan MacKinnon         Max Pacioretty           Jason Pominville         Tyler Myers              Brian Dumoulin           

Goaltenders
Starting : Robin Lehner             
Backup : Garret Sparks            

Extra Forwards
Normal : Devin Shore, Phillip Danault, Brian Gionta - PP : Devin Shore, Phillip Danault - PK : Brian Gionta
Extra Defensemen
Normal : Nathan Beaulieu, Tobias Enstrom, Jason Demers - PP : Nathan Beaulieu - PK : Tobias Enstrom, Jason Demers
Penalty Shots
Max Pacioretty, Nathan MacKinnon, Vincent Trocheck, Tyler Johnson, Rickard Rakell

% Time on Ice - FLORIDA

Lines # - Real PCT - Wanted PCT - Time Play
Normal Forward
1 - 23% - 32% - 8:09
2 - 28% - 32% - 9:49
3 - 21% - 28% - 7:28
4 - 29% - 8% - 10:13
Normal Defense
1 - 31% - 40% - 11:07
2 - 31% - 40% - 11:05
3 - 34% - 15% - 12:07
4 - 4% - 5% - 1:20
PP Forward
1 - 55% - 60% - 4:38
2 - 45% - 40% - 3:50
PP Defense
1 - 60% - 55% - 5:05
2 - 40% - 45% - 3:23
PK Forward
1 - 51% - 50% - 7:08
2 - 49% - 50% - 6:46
PK Defense
1 - 55% - 50% - 7:35
2 - 45% - 50% - 6:19
PK3 Forward
1 - 0% - 50%
2 - 0% - 50%
PK3 Defense
1 - 0% - 55%
2 - 0% - 45%
44 Forward
1 - 100% - 55% - 1:59
2 - 0% - 45% - 0:00
44 Defense
1 - 0% - 55% - 0:00
2 - 100% - 45% - 1:59
Last Minute Offensive  - 0:00
Last Minute Defensive  - 0:00
Total
Forward - 60:00
Defense - 60:00

% Time on Ice - MONTREAL

Lines # - Real PCT - Wanted PCT - Time Play
Normal Forward
1 - 32% - 35% - 11:27
2 - 28% - 30% - 9:56
3 - 23% - 25% - 8:05
4 - 17% - 10% - 6:11
Normal Defense
1 - 39% - 35% - 13:55
2 - 32% - 30% - 11:15
3 - 26% - 25% - 9:13
4 - 4% - 10% - 1:16
PP Forward
1 - 45% - 60% - 6:15
2 - 55% - 40% - 7:39
PP Defense
1 - 48% - 60% - 6:43
2 - 52% - 40% - 7:11
PK Forward
1 - 80% - 60% - 6:48
2 - 20% - 40% - 1:40
PK Defense
1 - 52% - 60% - 4:26
2 - 48% - 40% - 4:02
PK3 Forward
1 - 0% - 60%
2 - 0% - 40%
PK3 Defense
1 - 0% - 60%
2 - 0% - 40%
44 Forward
1 - 63% - 60% - 1:15
2 - 37% - 40% - 0:44
44 Defense
1 - 39% - 60% - 0:47
2 - 61% - 40% - 1:12
Last Minute Offensive  - 0:00
Last Minute Defensive  - 0:00
Total
Forward - 60:00
Defense - 60:00

Play by Play

1st period


0:01 of 1st period - Nicklas Backstrom wins face-off versus Nathan MacKinnon in neutral zone.
0:01 of 1st period - Nicklas Backstrom is hit by Nathan MacKinnon.
0:04 of 1st period - Duncan Keith is hit by Tyler Myers and loses puck.
0:10 of 1st period - Johnathan Gaudreau is hit by Brian Dumoulin and loses puck.
0:42 of 1st period - Marian Hossa is hit by Brian Dumoulin and loses puck.
2:07 of 1st period - Shot by Kris Versteeg.
2:07 of 1st period - Shot Misses the Net.
2:13 of 1st period - Shot by Derek Stepan.
2:13 of 1st period - Shot Misses the Net.
2:15 of 1st period - Shot by Kris Versteeg.
2:15 of 1st period - Shot Misses the Net.
2:17 of 1st period - Shot by Martin Marincin.
2:17 of 1st period - Stopped by Robin Lehner without a rebound.
2:18 of 1st period - Linden Vey wins face-off versus Rickard Rakell in MONTREAL zone.
2:38 of 1st period - Tyler Johnson is hit by Duncan Keith and loses puck.
2:43 of 1st period - Shot by Vincent Trocheck.
2:43 of 1st period - Shot Misses the Net.
2:50 of 1st period - Minor Penalty to Duncan Keith for High sticking.
2:51 of 1st period - Sven Andrighetto wins face-off versus Paul Stastny in FLORIDA zone.
3:04 of 1st period - Shot by Marc Staal.
3:04 of 1st period - Shot Misses the Net.
4:34 of 1st period - Shot by Tobias Enstrom.
4:34 of 1st period - Shot Misses the Net.
4:46 of 1st period - Martin Marincin is hit by Micheal Ferland.
4:53 of 1st period - Icing by Kris Letang.
4:54 of 1st period - Tyler Johnson wins face-off versus Linden Vey in FLORIDA zone.
5:16 of 1st period - Minor Penalty to Tyler Myers for Delaying the game.
5:17 of 1st period - Max Pacioretty wins face-off versus Johnathan Gaudreau in MONTREAL zone.
5:40 of 1st period - Shot by Blake Wheeler.
5:40 of 1st period - Shot Misses the Net.
5:46 of 1st period - Shot by Nicklas Backstrom.
5:46 of 1st period - Shot Blocked by Tobias Enstrom.
5:48 of 1st period - Shot by Duncan Keith.
5:48 of 1st period - Goal by Duncan Keith - FLORIDA : 1 - MONTREAL : 0.
5:49 of 1st period - Adam Henrique wins face-off versus Tyler Johnson in neutral zone.
6:03 of 1st period - Off-side.
6:04 of 1st period - Devin Shore wins face-off versus Nicklas Backstrom in neutral zone.
6:11 of 1st period - Shot by Devin Shore.
6:11 of 1st period - Shot Misses the Net.
6:19 of 1st period - Shot by Brian Dumoulin.
6:19 of 1st period - Shot Misses the Net.
6:55 of 1st period - Icing by Martin Marincin.
6:56 of 1st period - Phillip Danault wins face-off versus Marian Hossa in FLORIDA zone.
7:04 of 1st period - Off-side.
7:05 of 1st period - Paul Stastny wins face-off versus Phillip Danault in neutral zone.
8:23 of 1st period - Adam Henrique is hit by Jason Demers.
9:54 of 1st period - Linden Vey is hit by Tyler Myers and loses puck.
10:09 of 1st period - Minor Penalty to Tyler Myers for Holding.
10:10 of 1st period - Paul Stastny wins face-off versus Max Pacioretty in MONTREAL zone.
10:17 of 1st period - Shot by Adam Henrique.
10:17 of 1st period - Stopped by Robin Lehner with a rebound.
10:39 of 1st period - Shot by Adam Henrique.
10:39 of 1st period - Shot Blocked by Tobias Enstrom.
10:41 of 1st period - Shot by Blake Wheeler.
10:41 of 1st period - Stopped by Robin Lehner without a rebound.
10:42 of 1st period - Vincent Trocheck wins face-off versus Nicklas Backstrom in MONTREAL zone.
10:55 of 1st period - Shot by Kris Letang.
10:55 of 1st period - Shot Misses the Net.
11:20 of 1st period - Tyler Johnson is hit by Patrik Laine.
12:08 of 1st period - Shot by Blake Wheeler.
12:08 of 1st period - Shot Hit the Post.
12:58 of 1st period - Icing by Marc Staal.
12:59 of 1st period - Phillip Danault wins face-off versus Blake Wheeler in MONTREAL zone.
13:14 of 1st period - Vincent Trocheck is hit by Paul Stastny.
14:21 of 1st period - Shot by Jason Pominville.
14:21 of 1st period - Shot Blocked by Alec Martinez.
14:23 of 1st period - Shot by Jason Demers.
14:23 of 1st period - Shot Blocked by Kris Letang.
14:31 of 1st period - Shot by Max Pacioretty.
14:31 of 1st period - Stopped by Craig Anderson without a rebound.
14:32 of 1st period - Devin Shore wins face-off versus Nicklas Backstrom in FLORIDA zone.
14:32 of 1st period - Devin Shore is hit by Trevor van Riemsdyk.
14:40 of 1st period - Shot by Tobias Enstrom.
14:40 of 1st period - Shot Blocked by Martin Marincin.
14:41 of 1st period - Minor Penalty to Trevor van Riemsdyk for Roughing.
14:42 of 1st period - Nathan MacKinnon wins face-off versus Nicklas Backstrom in FLORIDA zone.
15:03 of 1st period - Shot by Brian Dumoulin.
15:03 of 1st period - Stopped by Craig Anderson without a rebound.
15:04 of 1st period - Vincent Trocheck wins face-off versus Paul Stastny in FLORIDA zone.
15:04 of 1st period - Vincent Trocheck is hit by Kris Letang.
15:08 of 1st period - Shot by Vincent Trocheck.
15:08 of 1st period - Stopped by Craig Anderson without a rebound.
15:09 of 1st period - Nicklas Backstrom wins face-off versus Vincent Trocheck in FLORIDA zone.
15:45 of 1st period - Shot by Vincent Trocheck.
15:45 of 1st period - Stopped by Craig Anderson with a rebound.
16:32 of 1st period - Shot by Max Pacioretty.
16:32 of 1st period - Stopped by Craig Anderson without a rebound.
16:33 of 1st period - Paul Stastny wins face-off versus Nathan MacKinnon in FLORIDA zone.
17:22 of 1st period - Shot by Linden Vey.
17:22 of 1st period - Stopped by Robin Lehner without a rebound.
17:23 of 1st period - Derek Stepan wins face-off versus Tyler Johnson in MONTREAL zone.
17:26 of 1st period - Shot by Adam Henrique.
17:26 of 1st period - Shot Blocked by Tyler Myers.
17:41 of 1st period - Shot by Adam Henrique.
17:41 of 1st period - Shot Misses the Net.
17:59 of 1st period - Shot by Adam Henrique.
17:59 of 1st period - Stopped by Robin Lehner without a rebound.
18:00 of 1st period - Nicklas Backstrom wins face-off versus Jason Pominville in MONTREAL zone.
18:10 of 1st period - Max Pacioretty is hit by Marian Hossa.
18:14 of 1st period - Shot by Tobias Enstrom.
18:14 of 1st period - Shot Blocked by Brett Pesce.
18:16 of 1st period - Shot by Marc Staal.
18:16 of 1st period - Shot Misses the Net.
18:24 of 1st period - Shot by Jason Pominville.
18:24 of 1st period - Shot Misses the Net.
18:26 of 1st period - Shot by Jason Pominville.
18:26 of 1st period - Stopped by Craig Anderson without a rebound.
18:27 of 1st period - Phillip Danault wins face-off versus Patrik Laine in FLORIDA zone.
18:28 of 1st period - Shot by Tyler Myers.
18:28 of 1st period - Stopped by Craig Anderson without a rebound.
18:29 of 1st period - Phillip Danault wins face-off versus Blake Wheeler in FLORIDA zone.
18:45 of 1st period - Icing by Brian Dumoulin.
18:46 of 1st period - Phillip Danault wins face-off versus Nicklas Backstrom in MONTREAL zone.
18:59 of 1st period - Shot by Johnathan Gaudreau.
18:59 of 1st period - Stopped by Robin Lehner without a rebound.
19:00 of 1st period - Paul Stastny wins face-off versus Nathan MacKinnon in MONTREAL zone.
19:19 of 1st period - Shot by Tobias Enstrom.
19:19 of 1st period - Shot Misses the Net.
19:35 of 1st period - Icing by Nathan MacKinnon.
19:36 of 1st period - Nathan MacKinnon wins face-off versus Adam Henrique in MONTREAL zone.
19:36 of 1st period - Max Pacioretty is hit by Kris Versteeg and loses puck.
19:48 of 1st period - Double Minor Penalty to Kris Versteeg for Roughing.
19:49 of 1st period - Nicklas Backstrom wins face-off versus Sven Andrighetto in FLORIDA zone.
19:55 of 1st period - Icing by Sven Andrighetto.
19:56 of 1st period - Paul Stastny wins face-off versus Sven Andrighetto in MONTREAL zone.
Goals for this period are 1 for FLORIDA vs 0 for MONTREAL.
Shots for this period are 7 for FLORIDA vs 7 for MONTREAL.

2nd period


0:01 of 2nd period - Nathan MacKinnon wins face-off versus Paul Stastny in neutral zone.
0:01 of 2nd period - Nathan MacKinnon is hit by Blake Wheeler.
1:08 of 2nd period - Off-side.
1:09 of 2nd period - Vincent Trocheck wins face-off versus Paul Stastny in neutral zone.
1:20 of 2nd period - Shot by Marc Staal.
1:20 of 2nd period - Stopped by Craig Anderson with a rebound.
1:22 of 2nd period - Shot by Sven Andrighetto.
1:22 of 2nd period - Stopped by Craig Anderson without a rebound.
1:23 of 2nd period - Paul Stastny wins face-off versus Nathan MacKinnon in FLORIDA zone.
1:29 of 2nd period - Icing by Jason Pominville.
1:30 of 2nd period - Nathan MacKinnon wins face-off versus Blake Wheeler in MONTREAL zone.
2:39 of 2nd period - Shot by Rickard Rakell.
2:39 of 2nd period - Shot Misses the Net.
2:49 of 2nd period - Duncan Keith is hit by Vincent Trocheck and loses puck.
2:59 of 2nd period - Off-side.
3:00 of 2nd period - Paul Stastny wins face-off versus Nathan MacKinnon in neutral zone.
3:23 of 2nd period - Shot by Nathan MacKinnon.
3:23 of 2nd period - Shot Misses the Net.
3:25 of 2nd period - Shot by Brian Dumoulin.
3:25 of 2nd period - Shot Misses the Net.
4:16 of 2nd period - Marian Hossa is hit by Tobias Enstrom and loses puck.
4:21 of 2nd period - Shot by Marian Hossa.
4:21 of 2nd period - Stopped by Robin Lehner without a rebound.
4:22 of 2nd period - Tyler Johnson wins face-off versus Adam Henrique in MONTREAL zone.
4:47 of 2nd period - Shot by Adam Henrique.
4:47 of 2nd period - Stopped by Robin Lehner with a rebound.
4:57 of 2nd period - Shot by Derek Stepan.
4:57 of 2nd period - Shot Misses the Net.
5:36 of 2nd period - Shot by Tyler Myers.
5:36 of 2nd period - Stopped by Craig Anderson without a rebound.
5:37 of 2nd period - Paul Stastny wins face-off versus Jason Pominville in FLORIDA zone.
5:37 of 2nd period - Minor Penalty to Nathan MacKinnon for Roughing.
5:38 of 2nd period - Max Pacioretty wins face-off versus Nicklas Backstrom in MONTREAL zone.
5:58 of 2nd period - Icing by Blake Wheeler.
5:59 of 2nd period - Max Pacioretty wins face-off versus Johnathan Gaudreau in FLORIDA zone.
6:15 of 2nd period - Shot by Johnathan Gaudreau.
6:15 of 2nd period - Stopped by Robin Lehner without a rebound.
6:16 of 2nd period - Paul Stastny wins face-off versus Max Pacioretty in MONTREAL zone.
6:23 of 2nd period - Shot by Adam Henrique.
6:23 of 2nd period - Stopped by Robin Lehner without a rebound.
6:24 of 2nd period - Max Pacioretty wins face-off versus Nicklas Backstrom in MONTREAL zone.
6:33 of 2nd period - Johnathan Gaudreau is hit by Micheal Ferland and loses puck.
6:42 of 2nd period - Marc Staal is hit by Nicklas Backstrom and loses puck.
6:54 of 2nd period - Icing by Patrik Laine.
6:55 of 2nd period - Nicklas Backstrom wins face-off versus Max Pacioretty in FLORIDA zone.
7:06 of 2nd period - Shot by Patrik Laine.
7:06 of 2nd period - Stopped by Robin Lehner without a rebound.
7:07 of 2nd period - Max Pacioretty wins face-off versus Paul Stastny in MONTREAL zone.
7:25 of 2nd period - Shot by Kris Letang.
7:25 of 2nd period - Deflect By Paul Stastny.
7:25 of 2nd period - Shot Misses the Net.
7:40 of 2nd period - Marc Staal is hit by Duncan Keith and loses puck.
7:44 of 2nd period - Icing by Duncan Keith.
7:45 of 2nd period - Linden Vey wins face-off versus Tyler Johnson in FLORIDA zone.
7:52 of 2nd period - Shot by Linden Vey.
7:52 of 2nd period - Shot Misses the Net.
7:57 of 2nd period - Icing by Tobias Enstrom.
7:58 of 2nd period - Tyler Johnson wins face-off versus Paul Stastny in MONTREAL zone.
8:02 of 2nd period - Rickard Rakell is hit by Alec Martinez and loses puck.
8:09 of 2nd period - Shot by Tyler Johnson.
8:09 of 2nd period - Stopped by Craig Anderson with a rebound.
8:11 of 2nd period - Shot by Vincent Trocheck.
8:11 of 2nd period - Stopped by Craig Anderson without a rebound.
8:12 of 2nd period - Phillip Danault wins face-off versus Nicklas Backstrom in FLORIDA zone.
8:39 of 2nd period - Shot by Brian Gionta.
8:39 of 2nd period - Shot Misses the Net.
9:09 of 2nd period - Minor Penalty to Tyler Myers for Tripping.
9:09 of 2nd period - Minor Penalty to Patrik Laine for Hooking.
9:10 of 2nd period - Max Pacioretty wins face-off versus Nicklas Backstrom in MONTREAL zone.
10:47 of 2nd period - Icing by Nicklas Backstrom.
10:48 of 2nd period - Max Pacioretty wins face-off versus Nicklas Backstrom in FLORIDA zone.
10:49 of 2nd period - Shot by Jason Demers.
10:49 of 2nd period - Shot Misses the Net.
11:40 of 2nd period - Blake Wheeler is hit by Jason Demers and loses puck.
11:43 of 2nd period - Shot by Paul Stastny.
11:43 of 2nd period - Shot Hit the Post.
11:45 of 2nd period - Shot by Paul Stastny.
11:45 of 2nd period - Stopped by Robin Lehner without a rebound.
11:46 of 2nd period - Linden Vey wins face-off versus Tyler Johnson in MONTREAL zone.
11:53 of 2nd period - Shot by Brandon Pirri.
11:53 of 2nd period - Stopped by Robin Lehner without a rebound.
11:54 of 2nd period - Nathan MacKinnon wins face-off versus Cedric Paquette in MONTREAL zone.
12:04 of 2nd period - Shot by Max Pacioretty.
12:04 of 2nd period - Shot Misses the Net.
12:14 of 2nd period - Shot by Jason Pominville.
12:14 of 2nd period - Shot Misses the Net.
12:16 of 2nd period - Shot by Nathan MacKinnon.
12:16 of 2nd period - Shot Misses the Net.
13:11 of 2nd period - Shot by Rickard Rakell.
13:11 of 2nd period - Shot Misses the Net.
13:13 of 2nd period - Shot by Tyler Johnson.
13:13 of 2nd period - Stopped by Craig Anderson without a rebound.
13:14 of 2nd period - Phillip Danault wins face-off versus Paul Stastny in FLORIDA zone.
13:59 of 2nd period - Shot by Patrik Laine.
13:59 of 2nd period - Shot Blocked by Phillip Danault.
14:01 of 2nd period - Shot by Brett Pesce.
14:01 of 2nd period - Shot Misses the Net.
14:31 of 2nd period - Shot by Derek Stepan.
14:31 of 2nd period - Stopped by Robin Lehner without a rebound.
14:32 of 2nd period - Nathan MacKinnon wins face-off versus Nicklas Backstrom in MONTREAL zone.
14:41 of 2nd period - Shot by Nicklas Backstrom.
14:41 of 2nd period - Shot Misses the Net.
14:50 of 2nd period - Marian Hossa is hit by Brian Dumoulin and loses puck.
14:58 of 2nd period - Minor Penalty to Tyler Myers for Hooking.
14:59 of 2nd period - Max Pacioretty wins face-off versus Paul Stastny in MONTREAL zone.
15:34 of 2nd period - Shot by Derek Stepan.
15:34 of 2nd period - Shot Misses the Net.
16:06 of 2nd period - Shot by Nicklas Backstrom.
16:06 of 2nd period - Stopped by Robin Lehner with a rebound.
16:08 of 2nd period - Shot by Nicklas Backstrom.
16:08 of 2nd period - Deflect By Johnathan Gaudreau.
16:08 of 2nd period - Stopped by Robin Lehner without a rebound.
16:09 of 2nd period - Vincent Trocheck wins face-off versus Nicklas Backstrom in MONTREAL zone.
16:21 of 2nd period - Shot by Kris Letang.
16:21 of 2nd period - Shot Misses the Net.
16:23 of 2nd period - Shot by Marian Hossa.
16:23 of 2nd period - Shot Misses the Net.
16:37 of 2nd period - Shot by Kris Letang.
16:37 of 2nd period - Stopped by Robin Lehner without a rebound.
16:38 of 2nd period - Max Pacioretty wins face-off versus Paul Stastny in MONTREAL zone.
16:51 of 2nd period - Shot by Blake Wheeler.
16:51 of 2nd period - Shot Blocked by Tobias Enstrom.
16:53 of 2nd period - Shot by Duncan Keith.
16:53 of 2nd period - Shot Blocked by Brian Dumoulin.
17:01 of 2nd period - Shot by Brandon Pirri.
17:01 of 2nd period - Shot Misses the Net.
17:03 of 2nd period - Shot by Martin Marincin.
17:03 of 2nd period - Shot Misses the Net.
18:20 of 2nd period - Shot by Rickard Rakell.
18:20 of 2nd period - Shot Misses the Net.
18:34 of 2nd period - Shot by Vincent Trocheck.
18:34 of 2nd period - Stopped by Craig Anderson without a rebound.
18:35 of 2nd period - Nathan MacKinnon wins face-off versus Nicklas Backstrom in FLORIDA zone.
18:43 of 2nd period - Icing by Alec Martinez.
18:44 of 2nd period - Nicklas Backstrom wins face-off versus Nathan MacKinnon in FLORIDA zone.
18:51 of 2nd period - Shot by Johnathan Gaudreau.
18:51 of 2nd period - Shot Misses the Net.
18:53 of 2nd period - Shot by Nicklas Backstrom.
18:53 of 2nd period - Stopped by Robin Lehner without a rebound.
18:54 of 2nd period - Nathan MacKinnon wins face-off versus Paul Stastny in MONTREAL zone.
Goals for this period are 0 for FLORIDA vs 0 for MONTREAL.
Shots for this period are 12 for FLORIDA vs 7 for MONTREAL.

3rd period


0:01 of 3rd period - Nathan MacKinnon wins face-off versus Nicklas Backstrom in neutral zone.
0:05 of 3rd period - Nathan Beaulieu is hit by Alec Martinez and loses puck.
0:25 of 3rd period - Minor Penalty to Kris Letang for Hooking.
0:26 of 3rd period - Paul Stastny wins face-off versus Sven Andrighetto in FLORIDA zone.
0:37 of 3rd period - Shot by Tyler Myers.
0:37 of 3rd period - Stopped by Craig Anderson with a rebound.
0:41 of 3rd period - Shot by Vincent Trocheck.
0:41 of 3rd period - Shot Misses the Net.
0:43 of 3rd period - Shot by Brian Dumoulin.
0:43 of 3rd period - Stopped by Craig Anderson without a rebound.
0:44 of 3rd period - Nathan MacKinnon wins face-off versus Paul Stastny in FLORIDA zone.
1:00 of 3rd period - Adam Henrique is hit by Marc Staal and loses puck.
1:13 of 3rd period - Adam Henrique is hit by Max Pacioretty and loses puck.
1:46 of 3rd period - Shot by Vincent Trocheck.
1:46 of 3rd period - Shot Misses the Net.
2:06 of 3rd period - Shot by Vincent Trocheck.
2:06 of 3rd period - Shot Misses the Net.
2:08 of 3rd period - Shot by Rickard Rakell.
2:08 of 3rd period - Stopped by Craig Anderson with a rebound.
2:17 of 3rd period - Vincent Trocheck is hit by Alec Martinez and loses puck.
2:27 of 3rd period - Jason Demers is hit by Cedric Paquette.
2:33 of 3rd period - Shot by Devin Shore.
2:33 of 3rd period - Stopped by Craig Anderson without a rebound.
2:34 of 3rd period - Linden Vey wins face-off versus Devin Shore in FLORIDA zone.
3:39 of 3rd period - Shot by Patrik Laine.
3:39 of 3rd period - Goal by Patrik Laine - FLORIDA : 2 - MONTREAL : 0.
3:40 of 3rd period - Nathan MacKinnon wins face-off versus Marian Hossa in neutral zone.
3:57 of 3rd period - Shot by Nathan MacKinnon.
3:57 of 3rd period - Stopped by Craig Anderson without a rebound.
3:58 of 3rd period - Vincent Trocheck wins face-off versus Adam Henrique in FLORIDA zone.
4:08 of 3rd period - Minor Penalty to Kris Letang for Diving.
4:09 of 3rd period - Nathan MacKinnon wins face-off versus Nicklas Backstrom in FLORIDA zone.
6:14 of 3rd period - Icing by Micheal Ferland.
6:15 of 3rd period - Brandon Pirri wins face-off versus Devin Shore in MONTREAL zone.
7:26 of 3rd period - Shot by Nathan MacKinnon.
7:26 of 3rd period - Shot Misses the Net.
7:34 of 3rd period - Shot by Max Pacioretty.
7:34 of 3rd period - Shot Blocked by Martin Marincin.
7:36 of 3rd period - Shot by Brian Dumoulin.
7:36 of 3rd period - Shot Misses the Net.
7:38 of 3rd period - Shot by Nathan MacKinnon.
7:38 of 3rd period - Shot Misses the Net.
8:13 of 3rd period - Minor Penalty to Adam Henrique for Roughing.
8:14 of 3rd period - Paul Stastny wins face-off versus Rickard Rakell in FLORIDA zone.
8:49 of 3rd period - Shot by Sven Andrighetto.
8:49 of 3rd period - Stopped by Craig Anderson with a rebound.
8:51 of 3rd period - Shot by Marc Staal.
8:51 of 3rd period - Stopped by Craig Anderson without a rebound.
8:52 of 3rd period - Nicklas Backstrom wins face-off versus Nathan MacKinnon in FLORIDA zone.
9:43 of 3rd period - Shot by Jason Demers.
9:43 of 3rd period - Shot Misses the Net.
9:45 of 3rd period - Shot by Marc Staal.
9:45 of 3rd period - Deflect By Vincent Trocheck.
9:45 of 3rd period - Shot Blocked by Kris Letang.
9:47 of 3rd period - Shot by Marc Staal.
9:47 of 3rd period - Stopped by Craig Anderson with a rebound.
9:49 of 3rd period - Shot by Jason Demers.
9:49 of 3rd period - Stopped by Craig Anderson without a rebound.
9:50 of 3rd period - Nicklas Backstrom wins face-off versus Vincent Trocheck in FLORIDA zone.
10:01 of 3rd period - Shot by Nicklas Backstrom.
10:01 of 3rd period - Deflect By Derek Stepan.
10:01 of 3rd period - Shot Misses the Net.
10:08 of 3rd period - Rickard Rakell is hit by Brett Pesce.
10:20 of 3rd period - Shot by Micheal Ferland.
10:20 of 3rd period - Shot Blocked by Martin Marincin.
10:53 of 3rd period - Icing by Trevor van Riemsdyk.
10:54 of 3rd period - Linden Vey wins face-off versus Nathan MacKinnon in FLORIDA zone.
10:54 of 3rd period - Linden Vey is hit by Max Pacioretty.
11:28 of 3rd period - Shot by Nathan MacKinnon.
11:28 of 3rd period - Stopped by Craig Anderson with a rebound.
11:42 of 3rd period - Icing by Adam Henrique.
11:43 of 3rd period - Tyler Johnson wins face-off versus Adam Henrique in FLORIDA zone.
11:59 of 3rd period - Duncan Keith is hit by Marc Staal and loses puck.
12:48 of 3rd period - Shot by Tyler Myers.
12:48 of 3rd period - Shot Misses the Net.
13:12 of 3rd period - Shot by Phillip Danault.
13:12 of 3rd period - Stopped by Craig Anderson without a rebound.
13:13 of 3rd period - Nathan MacKinnon wins face-off versus Paul Stastny in FLORIDA zone.
13:17 of 3rd period - Icing by Alec Martinez.
13:18 of 3rd period - Blake Wheeler wins face-off versus Nathan MacKinnon in FLORIDA zone.
13:34 of 3rd period - Icing by Kris Letang.
13:35 of 3rd period - Paul Stastny wins face-off versus Tyler Johnson in FLORIDA zone.
13:43 of 3rd period - Blake Wheeler is hit by Rickard Rakell.
14:13 of 3rd period - Patrik Laine is hit by Tyler Myers.
14:45 of 3rd period - Minor Penalty to Max Pacioretty for Hooking.
14:46 of 3rd period - Nicklas Backstrom wins face-off versus Brian Gionta in MONTREAL zone.
15:08 of 3rd period - Patrik Laine is hit by Jason Demers and loses puck.
15:27 of 3rd period - Shot by Paul Stastny.
15:27 of 3rd period - Shot Misses the Net.
15:29 of 3rd period - Shot by Adam Henrique.
15:29 of 3rd period - Stopped by Robin Lehner with a rebound.
15:31 of 3rd period - Shot by Duncan Keith.
15:31 of 3rd period - Shot Misses the Net.
15:33 of 3rd period - Shot by Blake Wheeler.
15:33 of 3rd period - Stopped by Robin Lehner without a rebound.
15:34 of 3rd period - Adam Henrique wins face-off versus Brian Gionta in MONTREAL zone.
16:11 of 3rd period - Shot by Tyler Myers.
16:11 of 3rd period - Stopped by Craig Anderson without a rebound.
16:12 of 3rd period - Nicklas Backstrom wins face-off versus Brian Gionta in FLORIDA zone.
16:19 of 3rd period - Shot by Kris Letang.
16:19 of 3rd period - Stopped by Robin Lehner with a rebound.
16:21 of 3rd period - Shot by Kris Letang.
16:21 of 3rd period - Shot Misses the Net.
16:56 of 3rd period - Brandon Pirri is hit by Tyler Myers and loses puck.
18:13 of 3rd period - Brett Pesce is hit by Micheal Ferland and loses puck.
18:26 of 3rd period - Shot by Duncan Keith.
18:26 of 3rd period - Shot Misses the Net.
18:28 of 3rd period - Shot by Adam Henrique.
18:28 of 3rd period - Stopped by Robin Lehner without a rebound.
18:29 of 3rd period - Paul Stastny wins face-off versus Nathan MacKinnon in MONTREAL zone.
19:07 of 3rd period - Jason Pominville is hit by Kris Letang and loses puck.
Goals for this period are 1 for FLORIDA vs 0 for MONTREAL.
Shots for this period are 5 for FLORIDA vs 12 for MONTREAL.